cohdb
Replays
Latest Replays
All Replays
Popular Replays
Top Player Replays
Match Explorer
How It Works
Community
CoH3 Stats
Reddit
Sign in to upload your games and track your stats! →
Sign in with Steam
Match 45854980
Unlisted
Match 45854980
Overview
Messages
Build Orders
End
Engineer Squad
Construct Weapon Support Center
Sniper
M1919 Machine Gun Team
Bazooka Squad
Construct Medical Station
Infantry Support Center
M1919 Machine Gun Team
Bazooka Squad
Bazooka Squad
Advanced Logistics
Survival Training
Selects Advanced Infantry Battlegroup
Selects Ammunition Storage
Selects M2A1 105mm Howitzer Emplacement
Selects Free Fire Drills
Improved M9 Bazooka Rockets
Engineer Squad
Bazooka Squad
Scout Squad
M1919 Machine Gun Team
Bazooka Squad
Selects Convert to Ranger Squad
Selects Frontline Medical Station
Selects Infantry Assault
Infantry Assault
Munitions Surplus
Demolitions Package
Infantry Assault
M1919 Machine Gun Team
Captain Retinue
Bazooka Squad
Infantry Assault
Bazooka Squad
Brick_man
Crossea
hepelaion
Weers
Goliath
frostie
0
0
Comments
sign in to comment!
No comments posted yet!